[Event "2nd FIDE WCC Rapid G10"]
[Site "Minsk"]
[Date "2018.06.23"]
[Round "7"]
[White "Nguyen, Binh Vy"]
[Black "Marchenko, Yelyzaveta"]
[Result "1-0"]
[ECO "C00"]
[WhiteElo "1216"]
[BlackElo "1510"]
[Annotator "NA"]
[PlyCount "136"]
[EventDate "2018.06.22"]
[EventType "rapid"]
[EventCountry "BLR"]
[SourceTitle "playchess.com"]
[Source "ChessBase"]
[SourceQuality "1"]
[TimeControl "600+5"]

1. e4 e6 2. d4 b6 3. Nc3 Bb7 4. f3 Bb4 5. Nge2 Nf6 6. Be3 d6 7. a3 Bxc3+ 8. Nxc3 Nbd7 9. Qd2 Qe7 10. Be2 a5 11. Nb5 Qd8 12. g4 h6 13. Qc3 Rc8 14. h4 Ba6 15. Qd2 Bxb5 16. Bxb5 c6 17. Ba6 Rc7 18. Be2 Rc8 19. O-O-O b5 20. g5 Nh5 21. gxh6 gxh6 22. Rdg1 Qf6 23. Qxa5 Nf4 24. Bxf4 Qxf4+ 25. Qd2 Qf6 26. Rg4 Ke7 27. Rhg1 e5 28. d5 cxd5 29. exd5 Rb8 30. Qe3 Rhc8 31. f4 Qf5 32. Bd3 Qf6 33. Rf1 Nc5 34. fxe5 Qxe5 35. Qxe5+ dxe5 36. Kd2 Nxd3 37. Kxd3 Rc5 38. Rg7 Rf8 39. d6+ Kxd6 40. Rfxf7 Rxf7 41. Rxf7 Kd5 42. Rf6 e4+ 43. Kd2 Kd4 44. c3+ Ke5 45. Rxh6 Kf4 46. Rf6+ Kg4 47. Re6 Kxh4 48. Rxe4+ Kg5 49. Re2 Kf5 50. Kc2 Rc8 51. Kb3 Rc5 52. Kb4 Rd5 53. Re8 Kf6 54. Rb8 Ke6 55. Rxb5 Rd6 56. Kc5 Rd5+ 57. Kc4 Rd6 58. b4 Kd7 59. a4 Kc7 60. a5 Rc6+ 61. Rc5 Kb7 62. Rxc6 Kxc6 63. b5+ Kb7 64. Kc5 Kc7 65. a6 Kb8 66. b6 Ka8 67. Kb5 Kb8 68. c4 Ka8 1-0

[Event "2nd FIDE WCC Rapid G10"]
[Site "Minsk"]
[Date "2018.06.23"]
[Round "8"]
[White "Shvedova, Alexandra"]
[Black "Edithso, Samantha"]
[Result "0-1"]
[ECO "B90"]
[WhiteElo "1758"]
[BlackElo "1714"]
[Annotator "NA RC"]
[PlyCount "174"]
[EventDate "2018.06.22"]
[EventType "rapid"]
[EventCountry "BLR"]
[SourceTitle "playchess.com"]
[Source "ChessBase"]
[SourceQuality "1"]
[TimeControl "600+5"]

1. e4 c5 2. Ne2 d6 3. d4 cxd4 4. Nxd4 Nf6 5. Nc3 a6 6. Be3 e5 7. Nf3 Be7 8. Bc4 O-O 9. O-O Qc7 10. Bb3 h6 11. Qd2 b5 12. Nd5 Nxd5 13. Bxd5 Bb7 14. Rac1 Bxd5 15. Qxd5 Nd7 16. c4 Nf6 17. Qd3 Qb7 18. Nd2 bxc4 19. Qxc4 Qxb2 20. Rb1 Qa3 21. Qc7 d5 22. Qxe5 Ng4 23. Qb2 Qxb2 24. Rxb2 Bf6 25. Rb3 Nxe3 26. Rxe3 d4 27. Rd3 Rac8 28. Nf3 Rc3 29. Rd2 d3 30. Rfd1 Rd8 31. Ne1 Ra3 32. Nxd3 Kh7 33. e5 Bg5 34. f4 Be7 35. Nc1 Bc5+ 36. Kf1 Rxd2 37. Rxd2 Be3 38. Rd3 Bxc1 39. Rxa3 Bxa3 40. Ke2 Bc1 41. g3 Kg6 42. Kd3 Kf5 43. Kc4 a5 44. Kb5 Bd2 45. a4 f6 46. exf6 Kxf6 47. Kc4 Kf5 48. Kd3 Bb4 49. Ke3 Kg4 50. Kf2 Kf5 51. Ke3 Bc5+ 52. Kf3 h5 53. h3 Ke6 54. Ke4 Bf2 55. g4 h4 56. Kd3 Kd5 57. f5 Bg3 58. Ke3 Kc4 59. g5 Kd5 60. Kf3 Ke5 61. Kg4 Be1 62. g6 Kf6 63. Kh5 Bg3 64. Kg4 Be5 65. Kh5 Kxf5 66. Kxh4 Kxg6 67. Kg4 Bc3 68. h4 Kf7 69. h5 Ke6 70. Kf4 Kd5 71. Ke3 Kc4 72. Ke2 Kb4 73. Kd3 Bf6 74. Kc2 Kxa4 75. Kb1 Kb3 76. Kc1 a4 77. Kb1 a3 78. Kc1 a2 79. Kd2 a1=Q 80. h6 gxh6 81. Ke3 Qe5+ 82. Kf3 h5 83. Kf2 h4 84. Kf3 h3 85. Kf2 Bh4+ 86. Kg1 Qg3+ 87. Kf1 Qf2# 0-1

[Event "2nd FIDE WCC Rapid G10"]
[Site "Minsk"]
[Date "2018.06.23"]
[Round "8"]
[White "Shukhman, Anna"]
[Black "Satanovskaia, Evgeniia"]
[Result "1-0"]
[ECO "C68"]
[WhiteElo "1577"]
[BlackElo "1384"]
[Annotator "NA RC"]
[PlyCount "61"]
[EventDate "2018.06.22"]
[EventType "rapid"]
[EventCountry "BLR"]
[SourceTitle "playchess.com"]
[Source "ChessBase"]
[SourceQuality "1"]
[TimeControl "600+5"]

1. e4 e5 2. Nf3 Nc6 3. Bb5 a6 4. Bxc6 dxc6 5. O-O Bd6 6. d4 exd4 7. Qxd4 f6 8. Nbd2 Ne7 9. Nc4 O-O 10. Be3 Bg4 11. e5 Bxf3 12. exd6 Nf5 13. Qf4 Nxe3 14. Nxe3 Bd5 15. dxc7 Qe7 16. Rfe1 Qf7 17. Rad1 Rac8 18. Nxd5 cxd5 19. c3 Rxc7 20. Re2 Rd7 21. Red2 Rfd8 22. Qf5 g6 23. Qf3 Kg7 24. h3 Qe6 25. Rd4 Qf7 26. Qd3 Qe6 27. Qd2 Qf7 28. c4 Rd6 29. cxd5 Qd7 30. Qb4 Rxd5 31. Rxd5 1-0

[Event "2nd FIDE WCC Rapid G10"]
[Site "Minsk"]
[Date "2018.06.23"]
[Round "8"]
[White "Zavivaeva, Evelina"]
[Black "Mutina, Sofia"]
[Result "0-1"]
[ECO "C15"]
[WhiteElo "1390"]
[BlackElo "1341"]
[Annotator "NA RC"]
[PlyCount "96"]
[EventDate "2018.06.22"]
[EventType "rapid"]
[EventCountry "BLR"]
[SourceTitle "playchess.com"]
[Source "ChessBase"]
[SourceQuality "1"]
[TimeControl "600+5"]

1. e4 e6 2. d4 d5 3. Nc3 Bb4 4. exd5 exd5 5. Bd3 Ne7 6. Nf3 O-O 7. h3 c6 8. Bg5 f6 9. Bf4 Bd6 10. Bxd6 Qxd6 11. O-O Bf5 12. Re1 Bxd3 13. Qxd3 Ng6 14. g3 Nd7 15. Re2 Rfe8 16. Rae1 Rxe2 17. Rxe2 Ndf8 18. Qe3 Qb4 19. b3 Qd6 20. Na4 b6 21. c4 Rb8 22. Nc3 Rb7 23. cxd5 cxd5 24. Kg2 a6 25. Re1 Ne7 26. Re2 b5 27. Ne1 Kf7 28. Nc2 Nfg6 29. Ne1 Qb6 30. Nd3 Rb8 31. Nc5 Rd8 32. h4 Nf5 33. Qd3 Nge7 34. Ne6 Rd6 35. Nc5 g6 36. Kh3 Nc6 37. a3 Ncxd4 38. Rd2 Qxc5 39. b4 Qc4 40. Qb1 Qxc3 41. Qd1 Qf3 42. Qg1 g5 43. Rd1 Ne2 44. Qf1 d4 45. Kh2 d3 46. Rd2 Ne3 47. Qh1 Ng4+ 48. Kh3 Nf4# 0-1

[Event "2nd FIDE WCC Rapid G10"]
[Site "Minsk"]
[Date "2018.06.23"]
[Round "8"]
[White "Khamdamova, Afruza"]
[Black "Zhapova, Yana"]
[Result "1/2-1/2"]
[ECO "B15"]
[WhiteElo "1383"]
[BlackElo "1597"]
[Annotator "NA RC"]
[PlyCount "141"]
[EventDate "2018.06.22"]
[EventType "rapid"]
[EventCountry "BLR"]
[SourceTitle "playchess.com"]
[Source "ChessBase"]
[SourceQuality "1"]
[TimeControl "600+5"]

1. e4 c6 2. d4 d5 3. Nc3 dxe4 4. Nxe4 Nf6 5. Ng3 c5 6. c3 Nc6 7. Nf3 Bg4 8. Be3 cxd4 9. cxd4 e6 10. a3 Be7 11. Be2 Bxf3 12. Bxf3 Nd5 13. O-O O-O 14. Rc1 Rc8 15. Qb3 Qd7 16. Rfd1 Rfd8 17. Ne4 b6 18. Qa4 Ne5 19. Qxd7 Nxd7 20. Bd2 N7f6 21. Nc3 Nxc3 22. Bxc3 Nd5 23. Bd2 Bf6 24. Bc3 Nxc3 25. bxc3 Be7 26. a4 Rc4 27. a5 Rdc8 28. axb6 axb6 29. d5 exd5 30. Rxd5 Rxc3 31. Re1 Bf8 32. Rb5 Rc1 33. Kf1 Rxe1+ 34. Kxe1 Bc5 35. Rb3 Re8+ 36. Be2 Ra8 37. Rb1 Rd8 38. f3 Bg1 39. h3 Bc5 40. Bb5 Rd6 41. Ra1 Rd8 42. Ra7 Rc8 43. Ke2 f6 44. Bc4+ Kh8 45. Kd3 b5 46. Be6 Re8 47. Rc7 Bd6 48. Rd7 Be7 49. Kc3 b4+ 50. Kb3 Bf8 51. Bf7 Ra8 52. Kb2 Rb8 53. Kb3 h6 54. Kb2 Bc5 55. Bb3 Kh7 56. Rc7 Bd4+ 57. Kc2 Be5 58. Rc6 Rd8 59. Bc4 Bc3 60. Bd3+ Kh8 61. Rc7 Be5 62. Rb7 Rc8+ 63. Kd2 Bc3+ 64. Kc2 Be1+ 65. Kb1 Bd2 66. Bf5 Re8 67. Kc2 Bc3 68. Kb3 Rd8 69. Bc2 Kg8 70. Bg6 Rf8 71. Ra7 1/2-1/2

[Event "2nd FIDE WCC Rapid G10"]
[Site "Minsk"]
[Date "2018.06.23"]
[Round "8"]
[White "Novikova, Daria"]
[Black "Kirdyashkina, Ekaterina"]
[Result "0-1"]
[ECO "D02"]
[WhiteElo "1341"]
[BlackElo "1463"]
[Annotator "NA RC"]
[PlyCount "64"]
[EventDate "2018.06.22"]
[EventType "rapid"]
[EventCountry "BLR"]
[SourceTitle "playchess.com"]
[Source "ChessBase"]
[SourceQuality "1"]
[TimeControl "600+5"]

1. d4 d5 2. Nf3 Bf5 3. e3 e6 4. Bd3 Bxd3 5. Qxd3 a6 6. Nbd2 Nf6 7. b3 Nc6 8. Bb2 Nb4 9. Qc3 Ne4 10. Nxe4 dxe4 11. Nd2 Nd5 12. Qc4 f5 13. Qe2 Qg5 14. O-O Be7 15. a3 O-O 16. Kh1 b6 17. c4 Nf6 18. f3 Bd6 19. fxe4 fxe4 20. Rf2 Qh4 21. Nf1 Ng4 22. Rxf8+ Rxf8 23. g3 Qh3 24. Qg2 Qh6 25. b4 Rf2 26. Qg1 Rxb2 27. c5 bxc5 28. bxc5 Nf2+ 29. Qxf2 Rxf2 30. cxd6 cxd6 31. Rb1 Qf6 32. Kg1 Qf3 0-1

[Event "2nd FIDE WCC Rapid G10"]
[Site "Minsk"]
[Date "2018.06.23"]
[Round "8"]
[White "Vu, My Linh"]
[Black "Bykovskikh, Ekaterina"]
[Result "1-0"]
[ECO "D35"]
[WhiteElo "1319"]
[BlackElo "1360"]
[Annotator "NA RC"]
[PlyCount "153"]
[EventDate "2018.06.22"]
[EventType "rapid"]
[EventCountry "BLR"]
[SourceTitle "playchess.com"]
[Source "ChessBase"]
[SourceQuality "1"]
[TimeControl "600+5"]

1. d4 d5 2. c4 e6 3. Nc3 Nf6 4. cxd5 exd5 5. Bf4 c6 6. Nf3 Nbd7 7. g3 Bb4 8. a3 Bxc3+ 9. bxc3 Ne4 10. Rc1 O-O 11. Bg2 Ndf6 12. Nd2 Bf5 13. O-O Qd7 14. f3 Nxd2 15. Qxd2 Bh3 16. e4 Bxg2 17. Qxg2 dxe4 18. fxe4 Rfe8 19. Rce1 Rac8 20. Bg5 Re6 21. Bxf6 Rxf6 22. Rxf6 gxf6 23. Qf3 Qe6 24. e5 fxe5 25. Rxe5 Qg6 26. Qe3 h6 27. Kg2 Qc2+ 28. Kh3 Qg6 29. Qe2 Kh7 30. Re7 Qf5+ 31. g4 Qd5 32. Qf2 Kg7 33. Rxb7 c5 34. Rxa7 cxd4 35. Qxd4+ Qxd4 36. cxd4 Rd8 37. Ra4 Rd5 38. Kg3 Kg6 39. h4 Kf6 40. Kf4 Rd6 41. Ke4 Kg6 42. Ra5 Re6+ 43. Re5 Ra6 44. h5+ Kg7 45. d5 Rxa3 46. Kf4 Rd3 47. g5 hxg5+ 48. Rxg5+ Kh6 49. Rf5 Kg7 50. Ke5 Kg8 51. d6 Kf8 52. h6 Ke8 53. Rh5 f6+ 54. Ke6 Re3+ 55. Kxf6 Rf3+ 56. Kg5 Rg3+ 57. Kh4 Rd3 58. h7 Rd4+ 59. Kg3 Rd3+ 60. Kf2 Rd2+ 61. Ke3 Rxd6 62. h8=Q+ Kd7 63. Qg7+ Kc6 64. Qc3+ Kd7 65. Rh7+ Ke6 66. Rh6+ Kd7 67. Rxd6+ Kxd6 68. Qa5 Ke6 69. Qc5 Kf6 70. Qd5 Ke7 71. Qc6 Kf7 72. Qd6 Kg7 73. Qe6 Kh8 74. Qe7 Kg8 75. Kf4 Kh8 76. Kg5 Kg8 77. Kg6 1-0

[Event "2nd FIDE WCC Rapid G10"]
[Site "Minsk"]
[Date "2018.06.23"]
[Round "8"]
[White "Nguyen, Binh Vy"]
[Black "Vlasova, Olesia"]
[Result "0-1"]
[ECO "B43"]
[WhiteElo "1216"]
[BlackElo "1682"]
[Annotator "NA RC"]
[PlyCount "130"]
[EventDate "2018.06.22"]
[EventType "rapid"]
[EventCountry "BLR"]
[SourceTitle "playchess.com"]
[Source "ChessBase"]
[SourceQuality "1"]
[TimeControl "600+5"]

1. e4 c5 2. Nf3 e6 3. d4 cxd4 4. Nxd4 a6 5. Nc3 Qc7 6. Be2 b5 7. a3 Bb7 8. Bf3 Nc6 9. Be3 Nf6 10. O-O Be7 11. Re1 O-O 12. Qd2 Ne5 13. Bf4 Nxf3+ 14. Nxf3 d6 15. h3 Rfd8 16. Qe2 Rac8 17. e5 Nd5 18. Nxd5 Bxd5 19. c3 Bxf3 20. Qxf3 d5 21. Qg3 Qc4 22. Bh6 Bf8 23. Rad1 Kh8 24. Be3 Qb3 25. Bc1 a5 26. Rd4 Rc4 27. Rxc4 dxc4 28. Qf3 Kg8 29. Qe2 b4 30. cxb4 axb4 31. axb4 Bxb4 32. Rf1 Qd3 33. Qxd3 cxd3 34. Rd1 d2 35. Bxd2 Rxd2 36. Rxd2 Bxd2 37. g3 Kf8 38. Kf1 Ke7 39. Ke2 Ba5 40. Kd3 Kd7 41. Kc4 Be1 42. g4 Bxf2 43. b4 Bg3 44. Kd4 Kc6 45. Ke4 Kb5 46. Kd4 Kxb4 47. Ke4 Kc4 48. Kf3 Bxe5 49. h4 Bc7 50. Ke4 Bg3 51. h5 f6 52. Kf3 Bh4 53. Ke4 Bg5 54. Kf3 Kd4 55. Kg3 e5 56. Kf3 e4+ 57. Ke2 e3 58. Ke1 Kd3 59. Kf1 Kd2 60. Kg2 e2 61. Kh3 e1=Q 62. h6 Bh4 63. Kg2 Qf2+ 64. Kh1 Bg3 65. g5 Qh2# 0-1

[Event "2nd FIDE WCC Rapid G10"]
[Site "Minsk"]
[Date "2018.06.23"]
[Round "8"]
[White "Borovikova, Marija"]
[Black "Kleymenova, Valeria"]
[Result "0-1"]
[ECO "C01"]
[WhiteElo "1172"]
[BlackElo "1669"]
[Annotator "NA RC"]
[PlyCount "40"]
[EventDate "2018.06.22"]
[EventType "rapid"]
[EventCountry "BLR"]
[SourceTitle "playchess.com"]
[Source "ChessBase"]
[SourceQuality "1"]
[TimeControl "600+5"]

1. e4 e6 2. d4 d5 3. exd5 exd5 4. Nf3 Nf6 5. Bg5 Bd6 6. Bd3 O-O 7. O-O Bg4 8. Nc3 c6 9. h3 Bh5 10. Re1 Nbd7 11. a3 Qc7 12. b4 a6 13. Rb1 Rfe8 14. Rxe8+ Rxe8 15. a4 Ne4 16. Bd2 Bxf3 17. gxf3 Bh2+ 18. Kg2 Nxf2 19. b5 Qg3+ 20. Kf1 Qg1# 0-1

[Event "2nd FIDE WCC Rapid G10"]
[Site "Minsk"]
[Date "2018.06.23"]
[Round "8"]
[White "Nguyen, Thu An"]
[Black "Szczotka, Klara"]
[Result "0-1"]
[ECO "B23"]
[WhiteElo "1045"]
[BlackElo "1465"]
[Annotator "NA RC"]
[PlyCount "124"]
[EventDate "2018.06.22"]
[EventType "rapid"]
[EventCountry "BLR"]
[SourceTitle "playchess.com"]
[Source "ChessBase"]
[SourceQuality "1"]
[TimeControl "600+5"]

1. e4 c5 2. Nc3 e6 3. g3 a6 4. Bg2 Qc7 5. d3 Nf6 6. Be3 d6 7. h3 Be7 8. Nge2 Nc6 9. O-O Rb8 10. d4 cxd4 11. Nxd4 Ne5 12. f4 Nc4 13. Bc1 b5 14. b3 Nb6 15. Bb2 Bb7 16. Qd3 Nbd7 17. Rae1 Nc5 18. Qe2 b4 19. Nb1 Ncxe4 20. Qe3 Nc5 21. Bxb7 Qxb7 22. Nd2 Nd5 23. Qf2 a5 24. Nc4 a4 25. Qf3 a3 26. Ba1 Nb6 27. Qg4 Rg8 28. Nxb6 Qxb6 29. Kh2 Qc7 30. Qe2 Kd7 31. Rd1 Kc8 32. Nb5 Qb6 33. Nd4 Rb7 34. Qc4 Kb8 35. Rfe1 Rc8 36. Qe2 Qa6 37. Qg4 Bf8 38. Nf3 g6 39. Ng5 h6 40. Nh7 Be7 41. Nf6 Nd7 42. Nxd7+ Rxd7 43. Rd2 h5 44. Qf3 Qb7 45. Qe3 Rdc7 46. Ree2 Qa7 47. Bd4 Qb7 48. Bb6 Rc6 49. Bd4 Qc7 50. Qd3 Qb7 51. Re4 Bd8 52. Bf2 Be7 53. Be1 d5 54. Ree2 Bf6 55. Bf2 Rc3 56. Qxc3 Bxc3 57. Rd1 Qc6 58. Be3 Rd8 59. Bf2 d4 60. Be3 Qf3 61. Ree1 Bxe1 62. Rxe1 dxe3 0-1

[Event "2nd FIDE WCC Rapid G10"]
[Site "Minsk"]
[Date "2018.06.23"]
[Round "9"]
[White "Edithso, Samantha"]
[Black "Zhapova, Yana"]
[Result "1-0"]
[ECO "B15"]
[WhiteElo "1714"]
[BlackElo "1597"]
[Annotator "NA RC"]
[PlyCount "97"]
[EventDate "2018.06.22"]
[EventType "rapid"]
[EventCountry "BLR"]
[SourceTitle "playchess.com"]
[Source "ChessBase"]
[SourceQuality "1"]
[TimeControl "600+5"]

1. e4 c6 2. d4 d5 3. Nc3 dxe4 4. Nxe4 Nf6 5. Nxf6+ exf6 6. c3 Bd6 7. Nf3 O-O 8. Be2 Re8 9. O-O Qc7 10. h3 Nd7 11. Be3 Nf8 12. Qc2 Be6 13. Bd3 Qd7 14. Rfe1 Rad8 15. Qd2 Ng6 16. Bxg6 fxg6 17. Bf4 Qf7 18. Bxd6 Rxd6 19. Qf4 Rd7 20. Nd2 Rde7 21. b3 a5 22. Re3 Bc8 23. Rae1 Rxe3 24. fxe3 f5 25. Nc4 Qd5 26. Qc7 Rd8 27. Nb6 Qd6 28. Qxd6 Rxd6 29. Nxc8 Re6 30. Nb6 Kf7 31. Nc4 Re8 32. Nd6+ Ke7 33. Nxe8 Kxe8 34. e4 Kd7 35. exf5 gxf5 36. Re5 g6 37. Rxa5 Kd6 38. Kf2 h5 39. Ke3 Kc7 40. Kf4 b6 41. Re5 Kd6 42. Kg5 c5 43. Kxg6 cxd4 44. cxd4 f4 45. Kxh5 b5 46. Kg5 b4 47. h4 f3 48. gxf3 Kd7 49. h5 {[%emt 0:00:02] Ke8} 1-0

[Event "2nd FIDE WCC Rapid G10"]
[Site "Minsk"]
[Date "2018.06.23"]
[Round "9"]
[White "Vlasova, Olesia"]
[Black "Mutina, Sofia"]
[Result "1-0"]
[ECO "C05"]
[WhiteElo "1682"]
[BlackElo "1341"]
[Annotator "NA RC"]
[PlyCount "161"]
[EventDate "2018.06.22"]
[EventType "rapid"]
[EventCountry "BLR"]
[SourceTitle "playchess.com"]
[Source "ChessBase"]
[SourceQuality "1"]
[TimeControl "600+5"]

1. e4 e6 2. d4 d5 3. Nd2 Nf6 4. e5 Nfd7 5. Bd3 c5 6. c3 b5 7. Bxb5 Qb6 8. Bxd7+ Nxd7 9. Ne2 cxd4 10. cxd4 Ba6 11. Nf3 Bb4+ 12. Bd2 Rb8 13. b3 O-O 14. O-O Bxd2 15. Qxd2 Rfc8 16. Rac1 Qb5 17. Ng3 Nb6 18. h3 Qd7 19. Rfe1 Qe7 20. Qa5 Qb7 21. Qd2 Qe7 22. Rxc8+ Rxc8 23. Rc1 Qa3 24. Rxc8+ Nxc8 25. Qc2 h6 26. Nf1 Ne7 27. Ne3 Bb5 28. Nd1 Nc6 29. Nc3 Qa6 30. Nxb5 Qxb5 31. Qc3 Kf8 32. a4 Qb6 33. Kf1 Ke7 34. Ke2 Kd7 35. Kd2 a5 36. Kc2 Nb4+ 37. Kd2 Na2 38. Qb2 Nb4 39. Ke3 Nc6 40. Qc3 Kc7 41. Ne1 Kd7 42. Nd3 Ke7 43. Qc5+ Qxc5 44. Nxc5 Nd8 45. Kd3 Nc6 46. Kc3 Kd8 47. Nd3 Kc7 48. b4 Kb6 49. b5 Nd8 50. Nc5 Nb7 51. Nxb7 Kxb7 52. f4 g6 53. Kd3 Kb6 54. Ke3 Kb7 55. g4 Kb6 56. h4 Kb7 57. h5 Kb6 58. hxg6 fxg6 59. f5 gxf5 60. gxf5 exf5 61. Kf4 Kc7 62. Kxf5 Kd7 63. Kg6 Ke6 64. Kxh6 Kd7 65. Kg6 Ke6 66. b6 Kd7 67. Kf7 Kc6 68. e6 Kxb6 69. e7 Kc7 70. e8=Q Kb6 71. Qe6+ Kc7 72. Qxd5 Kb6 73. Qc5+ Ka6 74. Ke6 Kb7 75. Qd6 Ka7 76. Kd5 Kb7 77. Kc5 Ka7 78. Qb6+ Ka8 79. Qd8+ Kb7 80. Qd7+ Ka8 81. Kb6 1-0

[Event "2nd FIDE WCC Rapid G10"]
[Site "Minsk"]
[Date "2018.06.23"]
[Round "9"]
[White "Kleymenova, Valeria"]
[Black "Vu, My Linh"]
[Result "0-1"]
[ECO "A45"]
[WhiteElo "1669"]
[BlackElo "1319"]
[Annotator "NA RC"]
[PlyCount "144"]
[EventDate "2018.06.22"]
[EventType "rapid"]
[EventCountry "BLR"]
[SourceTitle "playchess.com"]
[Source "ChessBase"]
[SourceQuality "1"]
[TimeControl "600+5"]

1. d4 Nf6 2. e3 g6 3. f4 Bg7 4. Nf3 O-O 5. Bd3 d6 6. O-O c5 7. c3 Nc6 8. Qe2 b6 9. Nbd2 d5 10. Ne5 Nxe5 11. fxe5 Ng4 12. Nf3 c4 13. Bc2 f6 14. exf6 Nxf6 15. e4 dxe4 16. Bxe4 Nxe4 17. Qxe4 Bf5 18. Qe1 Bd3 19. Rf2 Qd6 20. Bg5 Rf7 21. Bh4 Raf8 22. Bg3 Qc6 23. Ne5 Bxe5 24. Rxf7 Bxd4+ 25. cxd4 Rxf7 26. Qe5 Qf6 27. Qxf6 exf6 28. Re1 Rd7 29. Bf2 Kf7 30. h3 b5 31. a3 a5 32. Ra1 b4 33. axb4 axb4 34. Be1 Rxd4 35. Bxb4 Rd7 36. Bc3 Rd6 37. Ra7+ Kg8 38. Ra8+ Kg7 39. Ra7+ Kh6 40. Bb4 Rb6 41. Ba3 g5 42. Kf2 Re6 43. Kg3 Kg6 44. Kh2 h5 45. Bf8 Re2 46. Ba3 Be4 47. Bf8 Rxg2+ 48. Kh1 Rxb2+ 49. Kg1 Rb7 50. Ra4 Bd3 51. Kf2 Rc7 52. Ke3 Bc2 53. Ra2 Bf5 54. Kd2 c3+ 55. Kc1 c2 56. Bd6 Rb7 57. Ra1 Rd7 58. Ra6 Rd8 59. Kd2 Rc8 60. Kc1 Rd8 61. Kd2 g4 62. hxg4 hxg4 63. Kc1 Kg5 64. Kb2 Re8 65. Bb4 g3 66. Bd2+ Kg4 67. Rxf6 Rb8+ 68. Ka2 g2 69. Be3 g1=Q 70. Bxg1 c1=Q 71. Bd4 Qb1+ 72. Ka3 Qb3# 0-1

[Event "2nd FIDE WCC Rapid G10"]
[Site "Minsk"]
[Date "2018.06.23"]
[Round "9"]
[White "Shukhman, Anna"]
[Black "Khamdamova, Afruza"]
[Result "1/2-1/2"]
[ECO "C42"]
[WhiteElo "1577"]
[BlackElo "1383"]
[Annotator "NA RC"]
[PlyCount "109"]
[EventDate "2018.06.22"]
[EventType "rapid"]
[EventCountry "BLR"]
[SourceTitle "playchess.com"]
[Source "ChessBase"]
[SourceQuality "1"]
[TimeControl "600+5"]

1. e4 e5 2. Nf3 Nf6 3. Nxe5 d6 4. Nf3 Nxe4 5. d4 d5 6. Bd3 Nc6 7. O-O Be7 8. c4 Nf6 9. Nc3 O-O 10. Re1 Bg4 11. Be2 dxc4 12. Be3 Be6 13. Ne5 Nxe5 14. dxe5 Nd7 15. Bf4 f6 16. Bg4 Bxg4 17. Qxg4 fxe5 18. Bxe5 Nxe5 19. Rxe5 Bd6 20. Qxc4+ Kh8 21. Ree1 Qf6 22. Re2 Qh6 23. h3 Rf6 24. Rae1 Raf8 25. Nd5 Rg6 26. Qb3 c6 27. Ne7 Bxe7 28. Rxe7 Qg5 29. Qf3 Rgf6 30. Qe2 Qc5 31. Qe3 Qc2 32. Re2 Qb1+ 33. Kh2 Qxa2 34. Rxb7 Qd5 35. Rxa7 Qd6+ 36. Qg3 Qxg3+ 37. Kxg3 c5 38. Rc7 Rf5 39. f3 h6 40. Kf2 Rd8 41. Rc2 Rb8 42. R7xc5 Rxc5 43. Rxc5 Rxb2+ 44. Ke3 Rxg2 45. Rc8+ Kh7 46. Rc4 Rh2 47. h4 Kg6 48. Rg4+ Kf6 49. Rf4+ Kg6 50. Rg4+ Kf6 51. Rf4+ Kg6 52. Rg4+ Kf6 53. Rf4+ Kg6 54. Rg4+ Kf6 55. Rf4+ 1/2-1/2

[Event "2nd FIDE WCC Rapid G10"]
[Site "Minsk"]
[Date "2018.06.23"]
[Round "9"]
[White "Marchenko, Yelyzaveta"]
[Black "Shvedova, Alexandra"]
[Result "0-1"]
[ECO "D00"]
[WhiteElo "1510"]
[BlackElo "1758"]
[Annotator "NA RC"]
[PlyCount "134"]
[EventDate "2018.06.22"]
[EventType "rapid"]
[EventCountry "BLR"]
[SourceTitle "playchess.com"]
[Source "ChessBase"]
[SourceQuality "1"]
[TimeControl "600+5"]

1. d4 d5 2. Bf4 Nf6 3. e3 c5 4. Nf3 Nc6 5. c3 Bf5 6. Bd3 Bg6 7. O-O e6 8. h3 Be7 9. Bg3 O-O 10. Bxg6 hxg6 11. Nbd2 b5 12. dxc5 Bxc5 13. Nd4 Qb6 14. Qb3 a6 15. N2f3 Na5 16. Qc2 Nc4 17. Ne5 Nxe5 18. Bxe5 Nd7 19. Bg3 Rfc8 20. Qe2 b4 21. cxb4 Bxd4 22. exd4 Qxd4 23. a3 Qc4 24. Qd2 Qb3 25. Rac1 Nb6 26. Rxc8+ Rxc8 27. Rc1 Rxc1+ 28. Qxc1 Nc4 29. Qc3 Qxc3 30. bxc3 Nxa3 31. Kf1 Nb5 32. Be5 f6 33. Bd4 e5 34. Bc5 Nxc3 35. Ke1 Kf7 36. f3 Na4 37. Be3 d4 38. Bc1 Ke6 39. Kd2 Kd5 40. Kd3 Nc3 41. Bd2 Nd1 42. Ke2 Ne3 43. Bxe3 dxe3 44. Kxe3 Kc4 45. f4 exf4+ 46. Kxf4 Kxb4 47. g4 a5 48. g5 fxg5+ 49. Kxg5 a4 50. h4 a3 51. Kxg6 a2 52. Kxg7 a1=Q+ 53. Kg6 Qh8 54. h5 Kc5 55. h6 Qg8+ 56. Kf6 Qh7 57. Kg5 Kd5 58. Kh5 Ke5 59. Kg5 Ke6 60. Kh5 Kf5 61. Kh4 Qxh6+ 62. Kg3 Qd2 63. Kf3 Qd3+ 64. Kf2 Kg4 65. Kg2 Qe2+ 66. Kg1 Kh3 67. Kh1 Qh2# 0-1

[Event "2nd FIDE WCC Rapid G10"]
[Site "Minsk"]
[Date "2018.06.23"]
[Round "9"]
[White "Szczotka, Klara"]
[Black "Kirdyashkina, Ekaterina"]
[Result "0-1"]
[ECO "C70"]
[WhiteElo "1465"]
[BlackElo "1463"]
[Annotator "NA RC"]
[PlyCount "82"]
[EventDate "2018.06.22"]
[EventType "rapid"]
[EventCountry "BLR"]
[SourceTitle "playchess.com"]
[Source "ChessBase"]
[SourceQuality "1"]
[TimeControl "600+5"]

1. e4 e5 2. Nf3 Nc6 3. Bb5 a6 4. Ba4 b5 5. Bb3 Nf6 6. d3 h6 7. c3 Be7 8. Nbd2 O-O 9. h3 d6 10. Nf1 Na5 11. Bc2 Be6 12. g4 Nh7 13. Ng3 Nc6 14. Nf5 Bxf5 15. gxf5 Ng5 16. Qe2 Nxf3+ 17. Qxf3 b4 18. Rg1 Kh7 19. Qg4 Bf6 20. h4 bxc3 21. bxc3 d5 22. Bb3 Ne7 23. Bg5 Rg8 24. Qh5 Qf8 25. Bxf6 gxf6 26. Ke2 c6 27. f3 a5 28. Kf2 a4 29. Bc2 a3 30. Bb3 Rd8 31. Rxg8 Nxg8 32. exd5 cxd5 33. Rc1 Qc5+ 34. Ke2 Rd7 35. Ba4 Re7 36. c4 e4 37. fxe4 dxe4 38. dxe4 Rxe4+ 39. Kf1 Rf4+ 40. Ke1 Qf2+ 41. Kd1 Rd4# 0-1

[Event "2nd FIDE WCC Rapid G10"]
[Site "Minsk"]
[Date "2018.06.23"]
[Round "9"]
[White "Matveeva, Kseniia"]
[Black "Nguyen, Binh Vy"]
[Result "0-1"]
[ECO "A43"]
[WhiteElo "1359"]
[BlackElo "1216"]
[Annotator "NA RC"]
[PlyCount "172"]
[EventDate "2018.06.22"]
[EventType "rapid"]
[EventCountry "BLR"]
[SourceTitle "playchess.com"]
[Source "ChessBase"]
[SourceQuality "1"]
[TimeControl "600+5"]

1. d4 c5 2. Nf3 cxd4 3. Nxd4 e5 4. Nf3 Nc6 5. e4 Nf6 6. Nc3 Be7 7. Bd3 O-O 8. O-O d6 9. Bg5 Bg4 10. Be2 h6 11. Bh4 Rc8 12. Bxf6 Bxf6 13. Nd5 Bxf3 14. Bxf3 Nd4 15. c3 Nxf3+ 16. Qxf3 Be7 17. Rad1 Rc6 18. b3 b5 19. Rc1 Bg5 20. Rc2 Qd7 21. Qg3 Rfc8 22. Qd3 Rc5 23. Rd1 Qc6 24. Nb4 Qb7 25. f3 Rd8 26. Nd5 a6 27. Nb4 Qb6 28. Kh1 Qb7 29. Nd5 a5 30. Rb2 Qc6 31. b4 axb4 32. Nxb4 Qc8 33. Nd5 Qc6 34. Rdb1 Rb8 35. a4 Bd8 36. axb5 Qc8 37. b6 Rb7 38. Rb3 Rc6 39. Ra3 Bxb6 40. Ne7+ Rxe7 41. Rab3 Bc7 42. Qd5 Rc5 43. Qd3 Qd7 44. Rb7 Qc6 45. R7b3 Ba5 46. Rb8+ Kh7 47. f4 Rxc3 48. Qf1 Qxe4 49. fxe5 Qxe5 50. R8b7 Rxb7 51. Rxb7 f6 52. Qb1+ f5 53. Rf7 Rc5 54. Rb7 Qe1+ 55. Qxe1 Bxe1 56. Rb6 Rd5 57. Rb1 Bh4 58. Rf1 Bf6 59. g3 g5 60. Kg2 Kg6 61. Rb1 f4 62. gxf4 gxf4 63. Kf3 Bg5 64. Rg1 Kf5 65. Ra1 Rd3+ 66. Ke2 Rd4 67. Ra5+ d5 68. Kf3 Ke5 69. Ke2 Ke4 70. Kf2 Rd2+ 71. Ke1 d4 72. Ra8 Rxh2 73. Re8+ Kd3 74. Rf8 Bh4+ 75. Kf1 Rf2+ 76. Kg1 Ke3 77. Re8+ Kf3 78. Re5 d3 79. Rd5 d2 80. Rd3+ Ke4 81. Rd7 Re2 82. Rxd2 Rxd2 83. Kf1 Kf3 84. Kg1 Rc2 85. Kh1 Kg3 86. Kg1 Rc1# 0-1